[Event "Czech Extraliga 2024-25"]
[Site "Czechia"]
[Date "2024.11.02"]
[Round "1.4"]
[White "Hollan, Martin"]
[Black "Janik, Igor"]
[Result "0-1"]
[ECO "B12"]
[WhiteElo "2347"]
[BlackElo "2513"]
[Annotator "TA"]
[PlyCount "110"]
[EventDate "2024.09.12"]
[EventType "team-tourn"]
[EventCountry "CZE"]
[SourceTitle "playchess.com"]
[Source "ChessBase"]
[SourceQuality "1"]
[TimeControl "40/5400+30:1800+30"]

1. e4 c6 2. d4 d5 3. e5 Bf5 4. h4 h5 5. Bd3 Qd7 6. Ne2 {[%emt 0:01:13] B12: Caro-Kann: Advance Variation.} Bxd3 7. Qxd3 e6 8. Nd2 c5 9. Nf3 cxd4 10. Nexd4 Nc6 11. O-O Bc5 12. Nxc6 bxc6 $146 ({Predecessor:} 12... Qxc6 13. Bg5 Ne7 14. Bxe7 Bxe7 15. c3 O-O 16. Nd4 Qb6 17. Qe2 g6 18. g3 Kg7 {½-½ Paveto,K (2451)-Krysa,L (2516) ARG-ch 95th Villa Martelli 2021 (4)}) 13. c4 Ne7 14. Bg5 Nf5 15. cxd5 cxd5 16. Rac1 Be7 17. Bxe7 Qxe7 18. Qb5+ Qd7 19. Qb4 Ne7 20. Rc2 O-O 21. Rfc1 Rfc8 22. Rxc8+ Rxc8 23. Rxc8+ Nxc8 24. Qc5 Ne7 25. b3 Nf5 26. Kf1 Qb7 27. Ke1 Qa6 28. Qc2 Qa5+ 29. Kd1 Qb5 30. Qe2 (30. Qc8+ $15 Kh7 31. Qc2) 30... Qb4 $17 31. Qd2 Qe4 32. Qc1 {[%emt 0:00:51] [#]} (32. Qa5 $17 Qd3+ (32... Nxh4 $2 33. Qd8+ Kh7 34. Ng5+ Kh6 35. Nxe4 $18) 33. Ke1) 32... Qd3+ $1 $19 (32... Nxh4 $2 33. Qc8+ Kh7 34. Ng5+ Kg6 35. Nxe4 $18) 33. Ke1 Nd4 34. Nxd4 Qxd4 35. Qe3 $2 (35. Qc8+ Kh7 36. Qc2+ g6) (35. g3 $17) 35... Qa1+ $19 (35... Qxh4 36. g3 Qb4+ 37. Ke2 $19) 36. Kd2 Qxa2+ 37. Kc1 Qa1+ 38. Kc2 a6 39. g3 g6 40. f4 (40. Kd2 $142) 40... Qa2+ $19 41. Kc3 Qa5+ 42. Kb2 Qb4 43. Qa7 a5 44. Qd7 (44. f5 $142 gxf5 (44... exf5 45. Qa8+ Kg7 46. Qxd5 $19) 45. Qe3) 44... Qb6 45. Ka2 $2 (45. Qe8+ Kg7 46. Qe7) 45... Qf2+ $19 46. Ka3 Qc5+ ({Stronger than} 46... Qxg3 47. Qd8+ Kg7 (47... Kh7 48. Qf6 $11) 48. Qf6+ Kg8 49. Qd8+ Kg7 (49... Kh7 50. Qf6 $11) 50. Qf6+ Kg8 51. Qd8+ $11) 47. Kb2 Kg7 48. Qd8 Qd4+ 49. Ka2 {[%emt 0:02:08] [#]} Qd2+ $1 50. Kb1 Qc3 (50... Qe1+ $142 51. Kb2 Qxg3) 51. Ka2 $2 (51. Qf6+ Kg8 52. Qd8+ Kh7 53. Qe7 Qxb3+ 54. Kc1) 51... Qxg3 $19 52. Qf6+ Kg8 53. Qd8+ Kh7 54. Qf6 Qf2+ 55. Ka3 Qc5+ 0-1

[Event "Czech Extraliga 2024-25"]
[Site "Czechia"]
[Date "2024.11.02"]
[Round "1.5"]
[White "Zilka, Stepan"]
[Black "Haba, Petr"]
[Result "1/2-1/2"]
[ECO "C42"]
[WhiteElo "2539"]
[BlackElo "2425"]
[Annotator "TA"]
[PlyCount "57"]
[EventDate "2024.09.12"]
[EventType "team-tourn"]
[EventCountry "CZE"]
[SourceTitle "playchess.com"]
[Source "ChessBase"]
[SourceQuality "1"]
[TimeControl "40/5400+30:1800+30"]

1. e4 e5 2. Nf3 Nf6 3. Nxe5 d6 4. Nf3 Nxe4 5. d4 d5 6. Bd3 Bf5 7. O-O Be7 8. Re1 O-O 9. c4 Nc6 10. cxd5 Qxd5 11. Nc3 Nxc3 12. bxc3 Bxd3 13. Qxd3 Rae8 14. h3 h6 15. Bd2 Qd7 16. Qb5 b6 17. a4 Bd6 18. c4 Rxe1+ 19. Rxe1 Rd8 20. Bc3 Nb8 21. Ne5 Bxe5 22. Qxe5 Nc6 23. Qf4 {[%emt 0:00:21] [#] Black must now prevent d5.} Ne7 (23... Nxd4 $2 {perishes.} 24. Bxd4 f6 (24... Qxd4 $2 25. Re8+ Rxe8 26. Qxd4 $18) 25. Be3 $18) 24. d5 Ng6 {[%emt 0:01:17] Prevents Qe5.} 25. Qd4 f6 26. Re3 (26. Qd3 $5 Kf7 27. a5 $16) 26... Re8 {[%emt 0:04:23] Dodges Qe4. The position is equal.} 27. a5 Rxe3 28. Qxe3 Ne7 29. a6 {[%emt 0:04:39] Weighted Error Value: White=0.06 (flawless) /Black=0.05 (flawless) .  Inaccurate:     	White=1     	---        OK:         	White=7     	Black=9      Best:        	---       	Black=1} 1/2-1/2

[Event "Czech Extraliga 2024-25"]
[Site "Czechia"]
[Date "2024.11.02"]
[Round "1.5"]
[White "Bernasek, Jan"]
[Black "Zwardon, Vojtech"]
[Result "1-0"]
[ECO "E21"]
[WhiteElo "2496"]
[BlackElo "2446"]
[Annotator "TA"]
[PlyCount "111"]
[EventDate "2024.09.12"]
[EventType "team-tourn"]
[EventCountry "CZE"]
[SourceTitle "playchess.com"]
[Source "ChessBase"]
[SourceQuality "1"]
[TimeControl "40/5400+30:1800+30"]

1. d4 Nf6 2. c4 e6 3. Nc3 Bb4 4. Nf3 O-O 5. Bg5 c5 6. Rc1 cxd4 {E21: Nimzo-Indian: 4 Nf3.} 7. Nxd4 h6 8. Bh4 Nc6 9. e3 Be7 {was the old line (9...d5).} 10. Be2 d6 11. O-O a6 12. Qd2 Bd7 13. Rfd1 Nxd4 $146 ({Predecessor:} 13... Ne5 14. Bg3 Rc8 15. b3 Qc7 16. Nf3 Qb8 17. Qd4 Nc6 18. Qd2 Ne5 19. Qd4 Nc6 20. Qd2 {½-½ Vitier Vazquez,C (2375)-Yanes Canizares,A (2283) Giraldilla de La Habana tt 2018 (8.1)}) 14. Qxd4 Bc6 15. Bxf6 Bxf6 16. Qxd6 Qa5 17. b4 Qa3 18. b5 axb5 19. cxb5 (19. Qxa3 {simplifies} Rxa3 20. cxb5 Bxc3 21. bxc6 bxc6 22. Bc4) 19... Bxc3 20. bxc6 (20. Qxa3 {simplifies} Rxa3 21. bxc6 bxc6 22. Bc4) 20... bxc6 21. Bc4 Bb2 22. Rc2 c5 23. g3 Bf6 24. Rb1 Rfd8 25. Qb6 Qa5 26. Qxa5 Rxa5 27. Rb7 Kf8 28. Bb5 Be7 (28... Ra3 $11) 29. a4 $14 Raa8 30. Kf1 h5 31. Ke2 h4 32. gxh4 g6 33. Rc4 Rab8 34. Rxb8 Rxb8 35. Rc2 Ra8 36. Ra2 Ra5 37. h5 gxh5 38. Kd3 Bd6 39. f4 Kg7 40. Kc4 Kf8 41. Rg2 Be7 42. Rd2 h4 43. Rd7 f5 44. h3 Kf7 45. Rb7 e5 {[#]} (45... Kf6 $16) 46. Kd5 $1 $18 ({But not} 46. fxe5 $6 Ke6 $16) 46... exf4 47. exf4 Kf6 48. Rb6+ Kf7 49. Ke5 Ra7 50. Kxf5 Bd8 51. Rh6 Kg7 52. Rg6+ Kf8 53. Rc6 Rf7+ 54. Ke4 Re7+ {[%emt 2:25:21] [#]} 55. Kd5 $1 Re3 $2 (55... Kg7 56. f5 (56. Kxc5 Re3 $11) 56... Re3) 56. Re6 ({Weaker is} 56. Kxc5 Rxh3 57. Kd4 Ra3 $11) 1-0

[Event "Czech Extraliga 2024-25"]
[Site "Czechia"]
[Date "2024.11.02"]
[Round "1.5"]
[White "Polak, Tomas"]
[Black "Seidl, Jan"]
[Result "1/2-1/2"]
[ECO "D40"]
[WhiteElo "2470"]
[BlackElo "2247"]
[Annotator "TA"]
[PlyCount "42"]
[EventDate "2024.09.12"]
[EventType "team-tourn"]
[EventCountry "CZE"]
[SourceTitle "playchess.com"]
[Source "ChessBase"]
[SourceQuality "1"]
[TimeControl "40/5400+30:1800+30"]

1. Nf3 Nf6 2. c4 e6 3. Nc3 d5 4. e3 Be7 5. d4 O-O 6. Bd3 dxc4 7. Bxc4 c5 8. O-O Nc6 9. a3 cxd4 10. exd4 a6 11. Re1 b5 12. Ba2 Bb7 13. Bg5 b4 14. Na4 bxa3 15. bxa3 Na5 (15... Bxa3 $15 16. Bb1 Bb4) 16. Ne5 $11 {[%emt 0:14:24] The position is equal.} Bd5 17. Bxf6 Bxf6 18. Bxd5 exd5 19. Nc5 {[%emt 0:00:23] Black must now prevent Ned7.} Re8 20. Rc1 Nc4 21. Nxc4 {[%emt 0:08:37] A dynamic duo of knights.} Rxe1+ {[%emt 0:00:50] Weighted Error Value: White=0.10 (very precise) /Black=0.08 (flawless) .  Mistake:       	---       	Black=1      Inaccurate:     	White=1     	---        OK:         	White=3     	Black=4      Best:        	---       	Black=1} 1/2-1/2

[Event "Czech Extraliga 2024-25"]
[Site "Czechia"]
[Date "2024.11.02"]
[Round "1.5"]
[White "Rubes, Jan"]
[Black "Vyprachticky, David"]
[Result "1-0"]
[ECO "C55"]
[WhiteElo "2446"]
[BlackElo "2356"]
[Annotator "TA"]
[PlyCount "131"]
[EventDate "2024.09.12"]
[EventType "team-tourn"]
[EventCountry "CZE"]
[SourceTitle "playchess.com"]
[Source "ChessBase"]
[SourceQuality "1"]
[TimeControl "40/5400+30:1800+30"]

1. e4 e5 2. Nf3 Nc6 3. Bc4 Nf6 4. d3 Be7 5. O-O O-O 6. a4 d5 7. exd5 Nxd5 8. Nbd2 Bg4 9. h3 Bh5 10. Re1 {[%emt 0:00:10] The position is equal.} Kh8 11. c3 (11. g4 $5 Bg6 $8 12. Nxe5 $14) 11... f6 12. a5 {[%emt 0:03:05] next Qb3 is good for White.} a6 13. Ne4 Qd7 (13... Bf7 $11) 14. Ng3 (14. Nxe5 $1 $16 Nxe5 15. Qxh5) 14... Bf7 $11 15. Qb3 Bc5 16. Ne4 (16. Qxb7 $2 Rfb8 17. Bxa6 Rxb7 18. Bxb7 Rb8 $19 (18... Rxa5 $2 19. Bxc6 Bxf2+ 20. Kxf2 $19)) 16... Ba7 17. Bd2 Bg8 18. Qa3 Rae8 19. Rad1 f5 20. Nc5 Qd6 21. b4 {[%emt 0:02:12] [#]} e4 $1 22. dxe4 fxe4 23. Rxe4 Rxe4 (23... Ne3 $5 24. fxe3 (24. Bxe3 $2 Qxd1+ 25. Bf1 Rxe4 $19) 24... Bxc4 25. Rxc4 Rxf3 $11) 24. Nxe4 Qg6 25. Neg5 {[%emt 0:00:24] Strongly threatening b5.} Rf6 ({Better is} 25... Rd8 $1 $14) 26. Qb3 Nce7 27. Qb1 h6 28. Qxg6 Rxg6 (28... Nxg6 $16 29. Ne4 Rf8) 29. Ne4 Nxc3 $2 (29... Re6 $16 {keeps fighting.}) 30. Bxc3 $18 Bxc4 31. Rd7 $1 $36 {[%emt 0:02:50][%mdl 2048] White is in control.} Re6 32. Nc5 Bxc5 33. bxc5 Kg8 34. Rxc7 {[%emt 0:00:59] White is more active.} Bd5 35. Ne5 Nf5 $2 (35... Ng6 $16 36. Rd7 Nxe5 37. Rxd5 Nc6) 36. g4 Nh4 37. f4 g5 $2 (37... Nf3+ 38. Nxf3 Re3) 38. fxg5 (38. Rc8+ $142 Kh7 39. Nd7) 38... hxg5 39. Nd7 Bc6 40. Nf6+ Kf8 41. Kf2 {[%emt 0:31:06] Dodges Re2+. Black must now prevent Nh7+.} Bb5 42. Nh7+ (42. Rxb7 Re2+ 43. Kf1 (43. Kg1 $2 Nf3+ 44. Kf1 Bc4 $19) 43... Bd3 44. Nd7+ Ke8 45. Nf6+ Kf8 46. Nh7+ Ke8 47. Nf6+ (47. Nxg5 $2 Rb2+ 48. Ke1 Rxb7 $19) 47... Kf8 $11) 42... Ke8 {[%emt 0:00:31] ( -> ...Re2+)} 43. Nxg5 ({Weaker is} 43. Rxb7 Re2+ 44. Kf1 Rb2+ 45. Rxb5 (45. Kg1 $2 Nf3+ 46. Kh1 Rh2#) 45... Rxb5 $11) 43... Re2+ 44. Kg3 Ng6 45. Rg7 ({Not} 45. Rxb7 Re3+ 46. Kh2 Rxc3 $17) 45... Re3+ 46. Kf2 $1 Re2+ $2 (46... Rxc3 47. Rxg6 Rxc5 48. Rg8+ Kd7 49. Rg7+ Kc6) 47. Kf3 Nh4+ 48. Kg3 Ng2 49. Bd4 {[%emt 0:00:00] Inhibits Re3+.} Bc6 50. Nf3 Ne3 51. Ne5 (51. Rg8+ $18 {has better winning chances.} Ke7 52. Rg6) 51... Nf5+ $16 52. gxf5 Rg2+ 53. Kf4 {[%emt 0:00:00] Threatening mate with Nxc6.} Rxg7 {[%emt 0:00:09][%mdl 4096] Endgame. [#] KRB-KBN} 54. Ng4 $1 ({Reject} 54. Nxc6 Rd7 $11) 54... Re7 {[%emt 0:00:41] [#]} (54... Rf7 $16 {might work better.}) 55. Be5 $1 $18 {[%emt 0:00:03] aiming for h4.} Bg2 $2 (55... Rf7 56. h4 Bb5) 56. h4 Bh3 57. Nf6+ Kf7 58. h5 b5 59. cxb6 Rb7 60. Ne4 Kg8 61. h6 Rf7 62. Nf6+ Kh8 63. Ne4+ Kg8 64. f6 {[%emt 0:00:33][%cal Bf5f6,Bf6f7][%mdl 32] White mates.} Bg2 65. Ng5 Rd7 66. f7+ {[%emt 0:00:13] Weighted Error Value: White=0.37/Black=0.42.  Loses game:     	---       	Black=3      Mistake:       	White=3     	Black=6      Inaccurate:     	White=4     	Black=3      OK:         	White=17    	Black=19     Best:        	White=6     	Black=9      Strong:       	White=3     	---} 1-0

[Event "Czech Extraliga 2024-25"]
[Site "Czechia"]
[Date "2024.11.02"]
[Round "1.5"]
[White "Nemec, Jachym"]
[Black "Kraus, Tomas"]
[Result "1/2-1/2"]
[ECO "A46"]
[WhiteElo "2411"]
[BlackElo "2457"]
[Annotator "TA"]
[PlyCount "122"]
[EventDate "2024.09.12"]
[EventType "team-tourn"]
[EventCountry "CZE"]
[SourceTitle "playchess.com"]
[Source "ChessBase"]
[SourceQuality "1"]
[TimeControl "40/5400+30:1800+30"]

1. d4 Nf6 2. Nf3 e6 3. Bf4 c5 4. e3 cxd4 5. exd4 b6 6. c3 {[%emt 0:01:00] A46: 1 d4 Nf6 2 Nf3 e6: Torre, London and Colle Systems.} Be7 7. Nbd2 O-O 8. h3 Ba6 $1 {[%emt 0:03:10][%mdl 4] outshines the older 8...d6.} 9. Bxa6 Nxa6 10. Qe2 Nc7 11. O-O d6 12. Bh2 b5 13. Ne1 Qd7 14. Nd3 Nfd5 15. Rfc1 $146 ({Predecessor:} 15. Rfe1 Nb6 16. Rad1 Rfe8 17. Ne4 Ncd5 18. Nf4 Nxf4 19. Bxf4 Nd5 20. Bg3 a5 21. Rc1 {1-0 Grachev,B (2626)-Yeritsyan,A (2372) Wch Blitz St Petersburg 2018 (1)}) 15... Rfc8 16. a4 a6 17. a5 f5 18. b3 Bf6 19. c4 Bxd4 20. cxd5 Nxd5 21. Rxc8+ Rxc8 22. Rc1 e5 23. Rxc8+ Qxc8 24. Nf3 Qc3 (24... Bc3 $11) 25. Nxd4 $16 Qxd4 26. Kh1 Qa1+ (26... Kf7 $16 {is a better defense.}) 27. Bg1 $1 $18 Qxa5 28. f3 $2 (28. Qf3 $18 Ne7 29. Qb7) 28... Qc3 29. Qd1 Nf6 30. Bf2 Kf7 31. Be1 Qd4 32. Qc2 Nd5 33. Bd2 h6 34. Bc1 Qc3 35. Qd1 Ne7 (35... Ke6 $11) 36. Bb2 $14 Qc7 {[%emt 0:00:44] [#]} (36... Qa5 $14) 37. f4 $1 $16 Ng6 (37... e4 $16 {was necessary.}) 38. fxe5 $18 dxe5 39. Qf3 Ke6 40. Qa8 Qd6 41. Qc8+ Kf6 42. Nc5 a5 43. Ba3 b4 44. Bb2 h5 45. h4 Qd5 46. Qc7 ({White should try} 46. Qa6+ $16 Kf7 47. Nd3 (47. Qxa5 $2 {loses.} Nf4 $19)) 46... f4 $1 $11 47. Nd7+ Kf5 $2 {[%emt 0:01:07] [#]} (47... Ke6 $1 $11 {and Black stays safe.} 48. Qc2 Kxd7 49. Qxg6 Qd1+ 50. Kh2 Qe1) 48. Nb6 $2 ({White must play} 48. Qc8 $1 $18 Nxh4 49. Nxe5+ (49. Bxe5 $2 Qxg2#) 49... Kg5 50. Qc2) 48... Qd1+ 49. Kh2 Qxb3 50. Qd7+ Ke4 51. Qc6+ Kf5 52. Qc8+ Ke4 (52... Qe6 53. Nd7 Nxh4 54. Qf8+ (54. Bxe5 Qe7 $16) 54... Kg6 55. Qd8 $18 (55. Nxe5+ Kh7 $11)) 53. Qc1 Qg3+ 54. Kh1 Nxh4 55. Qc4+ Kf5 56. Qf7+ Kg5 57. Qxg7+ Ng6 58. Nd5 Qe1+ 59. Kh2 Qg3+ 60. Kh1 Qe1+ 61. Kh2 Qg3+ 1/2-1/2

[Event "Czech Extraliga 2024-25"]
[Site "Czechia"]
[Date "2024.11.02"]
[Round "1.5"]
[White "Jirasek, Pavel"]
[Black "Simacek, Pavel"]
[Result "1-0"]
[ECO "A25"]
[WhiteElo "2268"]
[BlackElo "2452"]
[Annotator "TA"]
[PlyCount "97"]
[EventDate "2024.09.12"]
[EventType "team-tourn"]
[EventCountry "CZE"]
[SourceTitle "playchess.com"]
[Source "ChessBase"]
[SourceQuality "1"]
[TimeControl "40/5400+30:1800+30"]

1. c4 g6 2. g3 Bg7 3. Bg2 e5 4. Nc3 d6 5. e3 Nc6 6. d3 f5 7. Nge2 Nf6 8. O-O O-O 9. b3 Ne7 10. Bb2 g5 11. f4 Ng6 12. Qd2 {[%emt 0:08:02] White has an edge.} gxf4 13. exf4 c6 14. d4 e4 15. d5 c5 16. Nd1 Bd7 17. Ne3 a6 18. Bh3 Ne7 19. b4 {[%emt 0:01:33] Black must now prevent bxc5.} b6 20. Rab1 Qe8 21. Kg2 Qh5 22. bxc5 bxc5 23. Ng1 Rfb8 24. Ba1 Qg6 25. Qa5 h5 ({Black should play} 25... Ne8 $14) 26. Rxb8+ $1 $18 Rxb8 27. Qc7 $1 (27. Qxa6 $6 Nc8 $16) 27... Rc8 28. Qb7 {[%emt 0:04:30][%cal Oa1f6] Threatens to win with Bxf6!} (28. Qxd6 Nfxd5 29. Nxf5 Ne3+ 30. Kf2 Qxd6 31. Nxd6 Nxf1 32. Nxc8 (32. Bxd7 Rd8 $17) 32... Bxc8 $11) 28... Qe8 29. Qxa6 {[%emt 0:03:38] White has more active pieces.} (29. Rb1 $16) 29... Qd8 (29... Ra8 $14 30. Qxd6 Rxa2+ 31. Kh1 Ng4 32. Bxg4 Bxa1) 30. Bxf6 $1 (30. Qxd6 $2 Ne8 31. Qa6 Ra8 $19) 30... Bxf6 31. Qxd6 Bd4 {[%emt 0:03:11] [#]} 32. Nc2 {[%emt 0:01:34] Hoping for Nxd4.} Be8 {[%emt 0:01:39] [#]} 33. Qxd8 Rxd8 34. Ne2 Bf6 35. Rb1 Ra8 36. a3 h4 (36... Ra7 $142 37. Ne3 Bd7) 37. Rb6 Bg7 38. Rb7 Nc8 39. Rc7 {[%emt 0:00:24] Strongly threatening Ne3.} (39. gxh4 Nd6 40. Rb1 Kf8 $16) 39... Bh5 $2 (39... Nd6) 40. Bxf5 Bxe2 41. Rxc8+ Rxc8 42. Bxc8 Bxc4 {[%emt 0:00:00][%mdl 4096] Endgame. KBB-KBN} 43. Ne3 (43. gxh4 Bxd5 44. Ne3 Bc6 45. Be6+ Kh7 $16) 43... Bd3 (43... Bb5 {might work better.} 44. d6 (44. gxh4 Bf8 $18) 44... hxg3 45. Be6+ (45. Kxg3 Kf7 $18) (45. hxg3 c4 $18) 45... Kf8) 44. Be6+ ({Less strong is} 44. gxh4 Bf8 45. Nf5 (45. Be6+ Kg7 $18) 45... c4 $18) 44... Kf8 45. d6 ({Not} 45. gxh4 Bd4 46. Nf5 Bf6 $16) 45... Bd4 $2 (45... Ke8 46. Nf5 (46. gxh4 Bd4 $18) (46. d7+ Kd8 $18) 46... h3+ 47. Kxh3 Bb2) 46. d7 {[%emt 0:00:00] White is clearly winning.} Bf6 47. g4 Bd8 48. g5 Bb5 49. Nf5 {[%emt 0:00:00] Weighted Error Value: White=0.19 (very precise) /Black=0.48.  Loses game:     	---       	Black=1      Mistake:       	White=1     	Black=5      Inaccurate:     	White=3     	Black=2      OK:         	White=12    	Black=14     Best:        	White=6     	Black=2      Strong:       	White=3     	---} 1-0

[Event "Czech Extraliga 2024-25"]
[Site "Czechia"]
[Date "2024.11.02"]
[Round "1.6"]
[White "Baklan, Vladimir"]
[Black "Votava, Jan"]
[Result "1-0"]
[ECO "C77"]
[WhiteElo "2541"]
[BlackElo "2452"]
[Annotator "RC"]
[PlyCount "158"]
[EventDate "2024.09.12"]
[EventType "team-tourn"]
[EventCountry "CZE"]
[SourceTitle "playchess.com"]
[Source "ChessBase"]
[SourceQuality "1"]
[TimeControl "40/5400+30:1800+30"]

1. e4 e5 2. Nf3 Nc6 3. Bb5 a6 4. Ba4 Nf6 5. Nc3 b5 6. Bb3 Be7 7. a4 b4 8. Nd5 O-O 9. Nxf6+ Bxf6 10. Bd5 Bb7 11. d3 Na5 12. Bxb7 Nxb7 13. b3 d5 14. Qe2 Nc5 15. Bb2 Re8 16. O-O-O Qd7 17. Rhe1 d4 18. Kb1 a5 19. Nd2 Nb7 20. g3 Nd6 21. f4 c5 22. Rf1 Bd8 23. f5 Bg5 24. Nc4 Nxc4 25. dxc4 Qc6 26. Bc1 Bxc1 27. Rxc1 f6 28. h4 Rad8 29. g4 Re7 30. g5 Rd6 31. Rf3 Qe8 32. Rg3 Qf8 33. Rcg1 Rb6 34. Qh2 Rd6 35. Kc1 Rb6 36. Kd2 Rd6 37. Kd3 Rb6 38. Qh3 Rd6 39. Rg4 Rb6 40. R1g3 Rd6 41. Qg2 Rb6 42. Qd2 Rd6 43. Ke2 Rb6 44. Kd1 Rd6 45. Kc1 Rb6 46. Kb2 Rd6 47. Rh3 Kh8 48. Rf3 Kg8 49. Rfg3 Rb6 50. h5 fxg5 51. Qxg5 Qf6 52. Qd2 Qh6 53. Qh2 Rf6 54. Rh3 Kf8 55. Qg2 Ke8 56. Rg5 Kf8 57. Rg6 hxg6 58. hxg6 Qxh3 59. Qxh3 Ke8 60. Qh7 Rf8 61. f6 Rxf6 62. Qg8+ Kd7 63. Qd5+ Rd6 64. Qxc5 d3 65. cxd3 Rxg6 66. Kc2 Rg2+ 67. Kd1 Rb2 68. Qxa5 Rxb3 69. Kc2 Rc3+ 70. Kd2 Rb3 71. c5 Rb2+ 72. Ke3 Rb1 73. Qa7+ Ke8 74. Qb8+ Kf7 75. a5 g5 76. a6 Ra1 77. c6 b3 78. c7 b2 79. c8=Q b1=R 1-0

[Event "Czech Extraliga 2024-25"]
[Site "Czechia"]
[Date "2024.11.02"]
[Round "1.6"]
[White "Vlasak, Lukas"]
[Black "Cerveny, Petr"]
[Result "1/2-1/2"]
[ECO "D30"]
[WhiteElo "2458"]
[BlackElo "2279"]
[Annotator "TA"]
[PlyCount "89"]
[EventDate "2024.09.12"]
[EventType "team-tourn"]
[EventCountry "CZE"]
[SourceTitle "playchess.com"]
[Source "ChessBase"]
[SourceQuality "1"]
[TimeControl "40/5400+30:1800+30"]

1. Nf3 Nf6 2. c4 e6 3. g3 d5 4. Bg2 Be7 5. d4 O-O 6. O-O dxc4 7. Qc2 c6 8. Qxc4 b5 9. Qc2 Bb7 10. Rd1 Nbd7 11. Bg5 Rc8 (11... Qb6 $11) 12. Nc3 {[%emt 0:07:14] White is slightly better.} (12. Ne5 $5) 12... Qb6 13. Ne5 {[%emt 0:21:34] [#] Hoping for Nxd7.} Bb4 (13... Rfd8 $14) 14. Ne4 {[%emt 0:09:15] a3 is the strong threat. White is much more active.} Nxe5 15. dxe5 (15. Nxf6+ $2 gxf6 16. Bxf6 Ng6 $19) 15... Nxe4 16. Bxe4 h6 {[%emt 0:00:00] [#]} 17. Be3 Qc7 (17... c5 $2 18. a3 Ba5 (18... Bxe4 $2 19. Qxe4 Ba5 20. b4 $18) 19. b4 $18) 18. Bc5 Bxc5 19. Qxc5 Rfd8 20. Rd6 (20. Qxa7 Qxe5 21. Bf3 Qc7 $16) 20... Qb6 21. Qxb6 axb6 22. Rad1 Rxd6 23. Rxd6 $14 {[%emt 0:00:13][%mdl 4096] Endgame. KRB-KRB} ({Much weaker is} 23. exd6 Rd8 $11) 23... b4 $1 24. Rd4 Ba8 $1 25. Rxb4 c5 26. Ra4 (26. Rxb6 $2 {is the wrong capture.} Bxe4 27. f3 Bd5 $19) 26... Bxe4 27. Rxe4 {[%emt 0:00:24] KR-KR} Rd8 28. b4 (28. Re3 $14) 28... cxb4 $11 {[%emt 0:01:04] The position is equal.} 29. Rxb4 Rd2 30. Kf1 ({Of course not} 30. Rxb6 Rxe2 31. Ra6 Rxe5 $17) 30... Rxa2 31. f4 Ra6 32. Kf2 h5 33. Kf3 g6 34. Rb3 Kg7 35. h3 Kh6 36. g4 hxg4+ 37. hxg4 Kg7 38. e3 Kh7 39. Rc3 Ra1 40. Rc7 Kg7 41. Rb7 Rb1 42. e4 Rb3+ 43. Kf2 Rb5 44. Ke3 g5 {[%emt 0:00:00] ...Rb3+ would now be deadly.} 45. f5 {[%emt 0:00:00] Weighted Error Value: White=0.11 (very precise) /Black=0.12 (very precise) .  Mistake:       	White=1     	Black=2      Inaccurate:     	White=2     	Black=1      OK:         	White=7     	Black=22     Best:        	White=1     	Black=1      Strong:       	---       	Black=2} 1/2-1/2

[Event "Czech Extraliga 2024-25"]
[Site "Czechia"]
[Date "2024.11.02"]
[Round "1.6"]
[White "Piesik, Piotr"]
[Black "Jurcik, Marian"]
[Result "1/2-1/2"]
[ECO "D37"]
[WhiteElo "2421"]
[BlackElo "2408"]
[Annotator "TA"]
[PlyCount "22"]
[EventDate "2024.09.12"]
[EventType "team-tourn"]
[EventCountry "CZE"]
[SourceTitle "playchess.com"]
[Source "ChessBase"]
[SourceQuality "1"]
[TimeControl "40/5400+30:1800+30"]

1. d4 d5 2. c4 e6 3. Nc3 Nf6 4. Nf3 Nbd7 5. Bf4 dxc4 6. e3 b5 7. Nxb5 Bb4+ 8. Nc3 Nd5 9. Rc1 N7b6 $1 {[%emt 0:50:33] The position is equal.} 10. Bg3 O-O ({But not} 10... Bxc3+ $6 11. bxc3 O-O 12. Nd2 $16) 11. Be2 c5 {[%emt 0:05:31] Weighted Error Value: White=0.06 (flawless) /Black=0.05 (flawless) .  Inaccurate:     	White=1     	Black=1      OK:         	White=3     	Black=2      Best:        	White=1     	---        Strong:       	---       	Black=1} 1/2-1/2

[Event "Czech Extraliga 2024-25"]
[Site "Czechia"]
[Date "2024.11.02"]
[Round "1.6"]
[White "Biolek, Richard Jr."]
[Black "Bartel, Mateusz"]
[Result "1/2-1/2"]
[ECO "B35"]
[WhiteElo "2414"]
[BlackElo "2613"]
[Annotator "TA"]
[PlyCount "94"]
[EventDate "2024.09.12"]
[EventType "team-tourn"]
[EventCountry "CZE"]
[SourceTitle "playchess.com"]
[Source "ChessBase"]
[SourceQuality "1"]
[TimeControl "40/5400+30:1800+30"]

1. e4 c5 2. Nf3 Nc6 3. d4 cxd4 4. Nxd4 g6 5. Nc3 Bg7 6. Be3 Nf6 7. Bc4 O-O 8. Bb3 Re8 9. Nxc6 dxc6 10. Qxd8 Rxd8 11. f3 b5 12. a3 a5 13. Ne2 a4 14. Ba2 Ne8 15. c3 Be6 16. Bxe6 fxe6 17. Nd4 Bxd4 18. Bxd4 Nd6 19. O-O-O Nc4 20. Bc5 {[%emt 0:00:00] White is weak on the light squares} Kf7 21. Kc2 e5 22. Rhe1 Ke6 23. Rxd8 Rxd8 $11 {[%emt 0:00:06][%mdl 4096] Endgame. KRB-KRN} 24. Be3 {[%emt 0:00:00] [#] Prevents Rd2+} g5 $1 25. h3 (25. Bxg5 $2 {loses.} Rg8 26. h4 h6 $19) (25. Bc1 g4) 25... Rg8 26. Bc1 h5 27. Kd3 (27. Rf1 $15) 27... Kf6 ({Better is} 27... g4 $17 {...gxh3 would now be deadly.} 28. fxg4 hxg4) 28. Rf1 Nd6 29. Ke2 Nf7 30. Rd1 Ke6 31. Rd3 Nd6 32. Rd1 g4 {[%emt 0:03:15] [#] Strongly threatening ...gxh3.} 33. Kf2 Rf8 {[%emt 0:06:53] And now ...gxf3 would win.} 34. Re1 c5 35. hxg4 hxg4 36. Kg3 gxf3 37. gxf3 Rg8+ 38. Kf2 Rh8 39. Kg3 {[%emt 0:01:45] Prevents Rh2} Kd7 40. Rd1 Kc6 41. Kg2 Nc4 42. Rd3 e6 43. Kg1 Rb8 44. Kf2 Nd6 45. Kf1 b4 46. cxb4 cxb4 47. b3 {[%emt 0:01:03] Dodges Nc4} bxa3 {[%emt 0:06:20] Weighted Error Value: White=0.07 (flawless) /Black=0.08 (flawless) .  Mistake:       	White=1     	Black=1      Inaccurate:     	White=3     	Black=2      OK:         	White=20    	Black=18} 1/2-1/2